 Dungeon Crawl Stone Soup version 0.16-a0-2388-g8c53b03 (console) character file.

372 Kellhus the Conjurer (level 6, -5/41 HPs)
             Began as a Vampire Wizard on Nov 19, 2014.
             Killed by divine providence
             ... invoked by an orc priest
              (12 damage)
             ... on level 3 of the Dungeon.
             The game lasted 00:05:43 (3356 turns).

Kellhus the Conjurer (Vampire Wizard)               Turns: 3356, Time: 00:05:44

Health: -5/41      AC:  5    Str:  6      XL:     6   Next: 43%
Magic:  1/12       EV: 12    Int: 19 (22) God:
Gold:   129        SH:  0    Dex: 12      Spells: 1 memorised, 10 levels left

rFire  . . .     SeeInvis +     a - +4 dagger
rCold  . . .     Clarity  .     s - +0 robe (curse)
rNeg   . . .     SustAb   .     (no shield)
rPois  .         Gourm    .     o - +2 helmet
rElec  .         Spirit   .     (no cloak)
rCorr  .         Warding  .     (no gloves)
rMut   .         Stasis   .     (no boots)
MR     .....                    (no amulet)
Stlth  ++........               (no ring)
                                (no ring)

@: very slightly contaminated, regenerating quickly, not resistant to hostile
enchantments, unstealthy
A: bottle blood, fangs 3, see invisible, unbreathing
a: no special abilities


You were on level 3 of the Dungeon.
You were very full.

You visited 1 branch of the dungeon, and saw 3 of its levels.

You collected 129 gold pieces.

Inventory:

Hand weapons
 a - a +4 dagger (weapon)
 v - a +1 flail of draining
Missiles
 t - 43 poisoned needles
Armour
 b - a +0 hat
 g - a +0 robe
 o - a +2 helmet (worn)
 s - a cursed +0 robe (worn)
Magical devices
 f - a wand of polymorph (8)
Scrolls
 d - 2 scrolls of remove curse {unknown}
 e - 3 scrolls of teleportation {unknown}
 h - 4 scrolls of identify {unknown}
 i - a scroll of amnesia {unknown}
 k - a scroll of random uselessness {unknown}
Potions
 j - a potion of brilliance
 u - a potion of agility
Books
 c - a book of Minor Magic

   Spells                             Type                      Level
   *Magic Dart                        Conjuration                  1
   Blink                              Translocation                2
   Call Imp                           Summoning                    2
   Repel Missiles                     Charms/Air                   2
   Slow                               Hexes                        2
   Conjure Flame                      Conjuration/Fire             3
   Mephitic Cloud                     Conjuration/Poison/Air       3


   Skills:
 - Level 2.1 Dodging
 - Level 3.0 Stealth
 - Level 3.0 Spellcasting
 + Level 5.0 Conjurations
   Level 1.0 Summonings
   Level 0.7 Translocations


You had 10 spell levels left.
You knew the following spells:

 Your Spells              Type           Power        Failure   Level  Hunger
a - Magic Dart            Conj           ###.         1%          1    None


Dungeon Overview and Level Annotations

Branches:
Dungeon (3/15)

Altars:
Fedhas


Innate Abilities, Weirdness & Mutations

Your natural rate of healing is unusually fast.
You can bottle blood from corpses.
You have razor-sharp teeth.
You have supernaturally acute eyesight.
You can survive without breathing.


Message History

A jackal comes into view.
Casting: Magic Dart
Confirm with . or Enter, or press ? or * to list all spells.
Aiming: Magic Dart
Press: ? - help, Shift-Dir - straight line, f - orc priest
Aim: an orc priest, wearing a leather armour The magic dart hits the orc priest.
The orc priest is moderately wounded.
The orc priest hits you.
* * * LOW HITPOINT WARNING * * *
The orc hits you.
* * * LOW HITPOINT WARNING * * *
Drink which item? (? for menu, Esc to quit)
Okay, then.
Use e to drain blood from corpses.
You hit the orc priest. Your bite misses the orc priest.
The orc priest is severely wounded.
The orc priest invokes the aid of Beogh against you.
Something smites you!
You die...

# #..#####.##
########.##
#.#
.......#.##
#.#
######....#
##.# ###..##
#..#
#...###.##
##.#.....##
#..#.....o####
#.##.####.@oo#
##....# ####.#
#...### .h.
##(.## ...h.
## #...#
....... .#
#...# ......
.####...#
#....
...###.## ..r
...# ###


You could see an orc priest, 2 orcs and 2 jackals.

Vanquished Creatures
  Grinder (D:3)
  An orc priest (D:3)
  Natasha (thrice) (D:3)
  A gnoll (D:1)
  3 adders (D:3)
  4 orcs (D:3)
  6 giant cockroaches
  11 goblins
  7 hobgoblins
  2 jackals (D:3)
  10 kobolds
  A quokka (D:2)
  8 bats
  3 giant geckos
  7 giant newts
  8 rats
76 creatures vanquished.

Notes
Turn   | Place    | Note
--------------------------------------------------------------
     0 | D:1      | Kellhus, the Vampire Wizard, began the quest for the Orb.
     0 | D:1      | Reached XP level 1. HP: 13/13 MP: 4/4
   211 | D:1      | Reached skill level 1 in Conjurations
   401 | D:1      | Reached XP level 2. HP: 17/19 MP: 3/6
   825 | D:1      | Reached XP level 3. HP: 24/24 MP: 1/7
  1873 | D:2      | Found a blossoming altar of Fedhas.
  2321 | D:3      | Noticed Grinder
  2565 | D:3      | Reached XP level 4. HP: 30/30 MP: 7/9
  2654 | D:3      | Noticed Natasha
  2668 | D:3      | Killed Natasha
  2790 | D:3      | Noticed Natasha
  2792 | D:3      | Killed Natasha
  2817 | D:3      | Gained mutation: You are agile. (Dex +2) [potion of beneficial mutation]
  2820 | D:3      | Lost mutation: You are agile. (Dex +2) [potion of cure mutation]
  2833 | D:3      | Killed Grinder
  2833 | D:3      | Reached skill level 4 in Conjurations
  2833 | D:3      | Reached XP level 5. HP: 35/35 MP: 1/11
  2833 | D:3      | Reached XP level 6. HP: 41/41 MP: 1/12
  2979 | D:3      | Noticed Natasha
  2979 | D:3      | Killed Natasha
  3352 | D:3      | Reached skill level 5 in Conjurations
  3356 | D:3      | Killed from afar by an orc priest

Action                   |  1- 3 |  4- 6 || total
-------------------------+-------+-------++-------
Melee: Unarmed           |     4 |       ||     4
       Dagger            |    28 |    18 ||    46
 Cast: Magic Dart        |   115 |    78 ||   193
  Use: Potion            |       |    11 ||    11
  Eat: Corpse            |    17 |     6 ||    23
